 Seeded DCSS version 0.30.0-29-ga12c61a403 (webtiles) character file.

Game seed: 15723644976437705827 (custom seed)

85 bmack86 the Chopper (level 4, -3/39 HPs)
             Began as a Minotaur Fighter on June 10, 2023.
             Killed by divine providence
             ... invoked by an orc priest
              (10 damage)
             ... on level 3 of the Dungeon.
             The game lasted 00:04:44 (2170 turns).

bmack86 the Chopper (Minotaur Fighter)              Turns: 2170, Time: 00:04:44

Health: -3/39      AC:  9    Str: 22    XL:     4   Next: 25%
Magic:  3/3        EV:  9    Int:  5    God:
Gold:   162        SH:  4    Dex: 10    Spells: 3/3 levels left

rFire   . . .        a - +0 war axe
rCold   . . .        c - +0 buckler
rNeg    . . .        b - +0 scale mail
rPois   .            (helmet restricted)
rElec   .            (no cloak)
rCorr   .            r - +1 pair of gloves
SInv    .            (no boots)
Will    .....        (no amulet) Stlth
                     (no ring)
HPRegen 0.26/turn    (no ring)
MPRegen 0.08/turn

%: no passive effects
@: no status effects
A: horns 2, retaliatory headbutt
a: no special abilities


You were on level 3 of the Dungeon.
You visited 1 branch of the dungeon, and saw 3 of its levels.

You collected 162 gold pieces.

Inventory:

Hand Weapons
 a - a +0 war axe (weapon)
Missiles
 f - 2 boomerangs (quivered)
Armour
 b - a +0 scale mail (worn)
 c - a +0 buckler (worn)
 r - a +1 pair of gloves (worn)
Jewellery
 n - a ring of flight
Wands
 s - a wand of digging (4)
Scrolls
 g - a scroll of enchant weapon {unknown}
 h - a scroll of noise {unknown}
 i - a scroll of torment {unknown}
 t - a scroll of teleportation {unknown}
Potions
 d - a potion of might
 e - a potion of cancellation {unknown}
 j - 2 potions of flight
 k - a potion of resistance {unknown}
 l - a potion of mutation {unknown}
 m - a potion of invisibility {unknown}
 o - 2 potions of heal wounds
 p - 2 potions of lignification
 q - a potion of haste {unknown}


   Skills:
 - Level 3.6 Fighting
 + Level 5.5 Axes
 - Level 3.6 Armour
 - Level 3.6 Shields


You had 3 spell levels left.
You didn't know any spells.
Your spell library contained the following spells:

 Spells                   Type           Power      Damage    Failure   Level
 Static Discharge         Conj/Air       0%         2-2/arc   95%         2
 Airstrike                Air            0%         2d(0-16)  100%        4
 Summon Lightning Spire   Summ/Air       0%         N/A       100%        4


Dungeon Overview and Level Annotations

Branches:
Dungeon (3/15)

Altars:
Yredelemnul

Shops:
D:1 =   D:2 [!=!(


Innate Abilities, Weirdness & Mutations

You have a pair of horns on your head.
You reflexively headbutt those who attack you in melee.


Message History

You feel sick. The adder bites you but does no damage.
You hit the adder but do no damage.
The adder is moderately wounded.
You feel sick. The adder barely misses you. You furiously retaliate!
You headbutt the adder! The adder closely misses you.
You slash the adder!
You kill the adder!
You feel sick.
You are no longer poisoned.
You see here an adder corpse.
A bat comes into view.
You block the bat's attack.
You hit the bat. You headbutt the bat.
You kill the bat!
Found a stone staircase leading down.
Found a sling.
Found a stone staircase leading up.
An orc comes into view. It is wielding a +0 dagger.
The orc shouts!
You hear a shout!
An orc priest comes into view. It is wielding a +0 whip.
An orc comes into view. It is wielding a +0 dagger.
Found a dagger.
The orc shouts!
The orc throws a boomerang.
You block the boomerang.
Found a scroll labelled WUASEKHL NULUI.
The orc priest mumbles some strange prayers to Beogh against you.
Beogh smites you!
You hit the orc priest but do no damage.
The orc priest hits you with a +0 whip.
You barely miss the orc priest. Your headbutt misses the orc priest.
You closely miss the orc. The orc barely misses you. You furiously retaliate!
You headbutt the orc.
The orc priest invokes the aid of Beogh against you.
Pain shoots through your body!
* * * LOW HITPOINT WARNING * * *
You closely miss the orc priest. You slash the orc!
You kill the orc!
The orc priest calls down the wrath of Beogh upon you.
Beogh smites you!
You die...

#..#######..###.##.....##.##.
.(......>.......##.###.##.###
#...........###.##.# #.##.#
......####..###.##.###.##.#
##.##.##........##.....##.# #
#.#..###.##.######.# #
#.##.#..# #.##.# #.# #
.)......###.##.# #.# #
...<..).@.#.##.# #.###
#.##.##o#o# #.# #.... . ...
#.#.# #.# ##### #.### #.#.#
..# # . #...? # ##.## # . .#


You could see an orc priest and an orc.

Vanquished Creatures
  3 adders
  2 worms (D:2)
  2 dart slugs
  An orc (D:3)
  3 ball pythons
  5 bats
  4 endoplasms
  8 goblins
  4 hobgoblins
  5 quokkas
  2 frilled lizards (D:2)
  4 kobolds
  3 rats
46 creatures vanquished.

Notes
Turn   | Place    | Note
-------+----------+-------------------------------------------
     0 | D:1      | bmack86 the Minotaur Fighter began the quest for the Orb.
     0 | D:1      | Reached XP level 1. HP: 19/19 MP: 0/0
   221 | D:1      | Reached skill level 3 in Axes
   278 | D:1      | Reached XP level 2. HP: 26/26 MP: 1/1
   287 | D:1      | Found Alyok's Jewellery Shop.
   759 | D:1      | Reached skill level 4 in Axes
   968 | D:2      | Found Funlual's Antique Armour Shoppe.
  1052 | D:2      | Found Rixuyq's Distillery.
  1057 | D:2      | Reached XP level 3. HP: 31/31 MP: 2/2
  1178 | D:2      | Found Qiepuheb's Distillery.
  1181 | D:2      | Found Hutynaedd's Weapon Shoppe.
  1406 | D:2      | Found Qycvazes's Jewellery Emporium.
  1663 | D:2      | Reached skill level 5 in Axes
  1839 | D:2      | Found a basalt altar of Yredelemnul.
  1992 | D:3      | Reached XP level 4. HP: 31/39 MP: 3/3
  2170 | D:3      | Killed from afar by an orc priest

Illustrated notes

Levels and vault maps discovered:
D:1:      nzn_arrival_depleted_hourglass, layout_loops_corners, serial_shops,
          nicolae_shop_gaudy_bauble, chequers_serial_rivers_micro_d
D:2:      layout_basic, serial_shops, nicolae_shop_getting_attention,
          nicolae_shop_scrapyard, nicolae_shop_temple_entry_statues_fountains,
          shop, nicolae_shop_rolling_square, basic_altar, minmay_cupped
D:3:      layout_loops_ring, serial_glass, glass_columns_a, glass_columns_a,
          due_unseen_surprise, item_on_display_a, serial_bayou_lake_a

Skill      XL: |  1  2  3 |
---------------+----------+-----
Axes           | 3 4 5 |  5.5
Fighting       | |  3.6
Armour         | |  3.6
Shields        | |  3.6

Action                     |  1- 3 |  4- 6 || total
---------------------------+-------+-------++-------
  Melee: War axe           |    92 |    12 ||   104
         Headbutt          |    12 |     3 ||    15
    Use: Scroll            |     3 |       ||     3
 Armour: Scale mail        |    45 |     3 ||    48
  Dodge: Dodged            |    52 |     5 ||    57
  Block: Buckler           |    15 |     2 ||    17
